 Dungeon Crawl Stone Soup version 0.23.2-1-ga50397a6bc (webtiles) character file.

Game seed: 5824849437090746933

277 Freyura the Ducker (level 6, -1/75 HPs)
             Began as a Gnoll Gladiator on May 28, 2019.
             Killed from afar by Ijyb (10 damage)
             ... with a wand of flame (15)
             ... on level 4 of the Dungeon.
             The game lasted 00:08:58 (2306 turns).

Freyura the Ducker (Gnoll Gladiator)                Turns: 2306, Time: 00:08:59

Health: -1/75      AC:  5    Str: 22    XL:     6   Next: 26%
Magic:  8/8        EV: 17    Int: 12    God:
Gold:   158        SH:  4    Dex: 18    Spells: 8/8 levels left

rFire    . . .     SeeInvis .   a - +0 quarterstaff
rCold    . . .     Gourm    .   (shield currently unavailable)
rNeg     . . .     Faith    .   b - +0 leather armour
rPois    .         Spirit   .   c - +0 helmet
rElec    .         Reflect  .   (no cloak)
rCorr    .         Harm     .   o - +0 pair of gloves
MR       .....                  (no boots)
Stlth    ..........             (no amulet)
HPRegen  0.22/turn              (no ring)
MPRegen  0.11/turn              (no ring)

@: berserking, hasted, very quick
A: distributed training, fangs 1, large bone plates 1, clever 1, strong nose
a: no special abilities


You were on level 4 of the Dungeon.
You were not hungry.

You visited 1 branch of the dungeon, and saw 4 of its levels.

You collected 158 gold pieces.

Inventory:

Hand Weapons
 a - a +0 quarterstaff (weapon)
Missiles
 d - 3 throwing nets (quivered)
Armour
 b - a +0 leather armour (worn)
 c - a +0 helmet (worn)
 o - a +0 pair of gloves (worn)
 t - a +0 chain mail
Scrolls
 g - a scroll of identify
 h - a scroll of fog {unknown}
 i - a scroll of enchant armour {unknown}
 p - 2 scrolls of immolation {unknown}
 s - 4 scrolls of fear {unknown}
 u - a scroll of amnesia {unknown}
Potions
 k - a potion of magic {unknown}
 l - a potion of flight {unknown}
 m - 4 potions of lignification
 n - a potion of might {unknown}
 q - a potion of resistance {unknown}
 r - 2 potions of curing
Comestibles
 f - 7 rations


   Skills:
 + Level 4.9 Fighting
 + Level 1.8 Short Blades
 + Level 1.8 Long Blades
 + Level 1.8 Axes
 + Level 1.8 Maces & Flails
 + Level 1.8 Polearms
 + Level 6.8 Staves
 + Level 1.8 Slings
 + Level 1.8 Bows
 + Level 1.8 Crossbows
 + Level 4.9 Throwing
 + Level 1.8 Armour
 + Level 6.8 Dodging
 + Level 1.8 Stealth
 + Level 1.8 Shields
 + Level 1.8 Unarmed Combat
 + Level 1.8 Spellcasting
 + Level 1.4 Conjurations
 + Level 1.4 Hexes
 + Level 1.4 Charms
 + Level 1.4 Summonings
 + Level 1.4 Necromancy
 + Level 1.4 Translocations
 + Level 1.4 Transmutations
 + Level 1.4 Fire Magic
 + Level 1.4 Ice Magic
 + Level 1.4 Air Magic
 + Level 1.4 Earth Magic
 + Level 1.4 Poison Magic
 + Level 2.0 Invocations
 + Level 1.8 Evocations


You had 8 spell levels left.
You didn't know any spells.
Your spell library was empty.

Dungeon Overview and Level Annotations

Branches:
Dungeon (4/15)
 Temple: D:4-7

Altars:
Hepliaklqana
Nemelex Xobeh

Annotations:
D:4 Ijyb


Innate Abilities, Weirdness & Mutations

Your experience applies equally to all skills.
You have very sharp teeth.
Your uncanny sense of smell can sniff out nearby items.
You are partially covered in large bone plates. (SH +4)
Your mind is acute. (Int +2)


Message History

Sigmund is severely wounded.
Ijyb barely misses you. The adder completely misses you.
A jackal comes into view.
The jackal bites you but does no damage.
You sock Sigmund!
You kill Sigmund!
Your Invocations skill increases to level 2!
You have reached level 6!
Your experience leads to an increase in your attributes!
Your base attributes are Str 17, Int 10, Dex 17.
Increase (S)trength, (I)ntelligence, or (D)exterity?
You feel agile. The adder misses you. The worm closely misses you.
Ijyb completely misses you.
The jackal bites you but does no damage.
You closely miss Ijyb. You bludgeon Ijyb!!
Ijyb is almost dead.
The jackal closely misses you. The adder bites you but does no damage.
Ijyb zaps a wand.
The puff of flame hits you!
You die...

..#.........
#.#..[.............
####h#................
#.........h<........[.
....####................
# #...................
#..<...............
#..........hw).#
#........>..@S.#
#............g.#
#(..............(..∆
##########..###...#
##..$.....# ##.......#
.......# ...^...# ####


You could see Ijyb, a worm, an adder and 2 jackals.

Vanquished Creatures
  Sigmund (D:4)
  4 gnolls (D:3)
  A shadow imp (D:3)
  An ooze (D:2)
  2 worms (D:3)
  2 leopard geckos
  3 orcs
  8 bats
  5 giant cockroaches
  5 goblins
  6 hobgoblins
  3 jackals (D:1)
  2 quokkas
  A ball python (D:3)
  3 frilled lizards
  10 kobolds
  12 rats
69 creatures vanquished.

Notes
Turn   | Place    | Note
-------+----------+-------------------------------------------
     0 | D:1      | Freyura the Gnoll Gladiator began the quest for the Orb.
     0 | D:1      | Reached XP level 1. HP: 20/20 MP: 1/1
     2 | D:1      | Noticed a demonspawn
     4 | D:1      | Noticed an ogre
     4 | D:1      | Noticed an octopode
     6 | D:1      | Noticed a vine stalker
     8 | D:1      | Noticed a dwarf
     8 | D:1      | Noticed a demigod
    10 | D:1      | Noticed a vampire
    10 | D:1      | Noticed a naga
    12 | D:1      | Noticed a tengu
    12 | D:1      | Noticed a centaur
    14 | D:1      | Noticed a merfolk
    16 | D:1      | Noticed a minotaur
    16 | D:1      | Noticed a draconian
    18 | D:1      | Noticed an elf
    18 | D:1      | Noticed a formicid
    20 | D:1      | Noticed a troll
    20 | D:1      | Noticed a spriggan
    22 | D:1      | Noticed a gargoyle
    22 | D:1      | Noticed a ghoul
    24 | D:1      | Noticed a felid
    26 | D:1      | Noticed a halfling
    26 | D:1      | Noticed a human
    83 | D:1      | Reached XP level 2. HP: 26/26 MP: 2/2
   341 | D:1      | Reached XP level 3. HP: 27/31 MP: 3/3
   914 | D:2      | Found a sparkling altar of Nemelex Xobeh.
   914 | D:2      | Found a hazy altar of Hepliaklqana.
   935 | D:2      | Reached skill level 1 in Invocations
  1244 | D:3      | Reached skill level 1 in Short Blades
  1244 | D:3      | Reached skill level 1 in Long Blades
  1244 | D:3      | Reached skill level 1 in Axes
  1244 | D:3      | Reached skill level 1 in Maces & Flails
  1244 | D:3      | Reached skill level 1 in Polearms
  1244 | D:3      | Reached skill level 1 in Slings
  1244 | D:3      | Reached skill level 1 in Bows
  1244 | D:3      | Reached skill level 1 in Crossbows
  1244 | D:3      | Reached skill level 1 in Armour
  1244 | D:3      | Reached skill level 1 in Stealth
  1244 | D:3      | Reached skill level 1 in Shields
  1244 | D:3      | Reached skill level 1 in Unarmed Combat
  1244 | D:3      | Reached skill level 1 in Spellcasting
  1244 | D:3      | Reached skill level 1 in Evocations
  1244 | D:3      | Reached XP level 4. HP: 12/38 MP: 5/5
  2061 | D:3      | Reached skill level 1 in Conjurations
  2061 | D:3      | Reached skill level 1 in Hexes
  2061 | D:3      | Reached skill level 1 in Charms
  2061 | D:3      | Reached skill level 1 in Summonings
  2061 | D:3      | Reached skill level 1 in Necromancy
  2061 | D:3      | Reached skill level 1 in Translocations
  2061 | D:3      | Reached skill level 1 in Transmutations
  2061 | D:3      | Reached skill level 1 in Fire Magic
  2061 | D:3      | Reached skill level 1 in Ice Magic
  2061 | D:3      | Reached skill level 1 in Air Magic
  2061 | D:3      | Reached skill level 1 in Earth Magic
  2061 | D:3      | Reached skill level 1 in Poison Magic
  2075 | D:3      | Reached XP level 5. HP: 25/43 MP: 6/6
  2209 | D:3      | Gained mutation: Your body sometimes deteriorates upon
                  | taking damage. [potion of mutation]
  2209 | D:3      | Gained mutation: You possess an exceptional clarity of
                  | mind. [potion of mutation]
  2209 | D:3      | Gained mutation: You have sharp toenails. [potion of
                  | mutation]
  2210 | D:3      | Lost mutation: You have sharp toenails. [potion of
                  | mutation]
  2210 | D:3      | Lost mutation: You possess an exceptional clarity of mind.
                  | [potion of mutation]
  2210 | D:3      | Lost mutation: Your body sometimes deteriorates upon taking
                  | damage. [potion of mutation]
  2210 | D:3      | Gained mutation: Your mind is acute. (Int +2) [potion of
                  | mutation]
  2210 | D:3      | Gained mutation: You are partially covered in large bone
                  | plates. (SH +4) [potion of mutation]
  2284 | D:4      | Noticed Sigmund
  2288 | D:4      | Noticed Ijyb
  2304 | D:4      | Killed Sigmund
  2304 | D:4      | Reached XP level 6. HP: 9/50 MP: 8/8
  2306 | D:4      | Killed from afar by Ijyb

Skill      XL: |  1  2  3  4  5 |
---------------+----------------+-----
Invocations    | 1 2 |  2.0
Short Blades   | 1 |  1.8
Long Blades    | 1 |  1.8
Axes           | 1 |  1.8
Maces & Flails | 1 |  1.8
Polearms       | 1 |  1.8
Slings         | 1 |  1.8
Bows           | 1 |  1.8
Crossbows      | 1 |  1.8
Armour         | 1 |  1.8
Stealth        | 1 |  1.8
Shields        | 1 |  1.8
Unarmed Combat | 1 |  1.8
Spellcasting   | 1 |  1.8
Evocations     | 1 |  1.8
Conjurations   | 1 |  1.4
Hexes          | 1 |  1.4
Charms         | 1 |  1.4
Summonings     | 1 |  1.4
Necromancy     | 1 |  1.4
Translocations | 1 |  1.4
Transmutations | 1 |  1.4
Fire Magic     | 1 |  1.4
Ice Magic      | 1 |  1.4
Air Magic      | 1 |  1.4
Earth Magic    | 1 |  1.4
Poison Magic   | 1 |  1.4
Fighting       | |  4.9
Staves         | |  6.8
Throwing       | |  4.9
Dodging        | |  6.8

Action                   |  1- 3 |  4- 6 || total
-------------------------+-------+-------++-------
Melee: Quarterstaff      |   131 |   107 ||   238
       Bite              |    13 |    10 ||    23
  Use: Potion            |       |     4 ||     4
       Scroll            |       |     3 ||     3
 Stab: Sleeping          |     3 |     1 ||     4
  Eat: Chunk             |     1 |     4 ||     5
Armor: Leather armour    |    26 |    23 ||    49
Dodge: Dodged            |   104 |    76 ||   180
Block: Other             |       |     2 ||     2
